 Dungeon Crawl Stone Soup version 0.31-a0-219-g8d62b2e7bb (webtiles) character file.

Game seed: 15516241352050796496

207 horus123 the Magician (level 5, -11/28 HPs)
             Began as a Deep Elf Conjurer on July 3, 2023.
             Was an Initiate of Vehumet.
             Shot with an arrow by a centaur (15 damage)
             ... on level 5 of the Dungeon.
             The game lasted 00:05:45 (3721 turns).

horus123 the Magician (Deep Elf Conjurer)           Turns: 3721, Time: 00:05:47

Health: -11/28     AC:  6    Str:  4    XL:     5   Next: 54%
Magic:  22/25      EV: 12    Int: 25    God:    Vehumet [......]
Gold:   169        SH:  0    Dex: 13    Spells: 4/18 levels left

rFire   . . .        r - +4 falchion
rCold   . . .        (no shield)
rNeg    . . .        a - +0 robe
rPois   .            (no helmet)
rElec   .            (no cloak)
rCorr   .            (no gloves)
SInv    .            (no boots)
Will    .....        e - amulet of faith
Stlth   ++           h - ring of magical power
HPRegen 0.24/turn    v - +4 ring of protection
MPRegen 0.19/turn

%: faith
@: no status effects
A: no striking features
a: Renounce Religion


You were on level 5 of the Dungeon.
You worshipped Vehumet.
Vehumet was noncommittal.
You visited 2 branches of the dungeon, and saw 6 of its levels.

You collected 169 gold pieces.

Inventory:

Hand Weapons
 r - a +4 falchion (weapon)
Missiles
 u - 4 poisoned darts
Armour
 a - a +0 robe (worn)
Magical Staves
 f - a staff of death
 w - a staff of cold
Jewellery
 e - an amulet of faith (around neck)
 h - a ring of magical power (left hand)
 v - a +4 ring of protection (right hand)
Wands
 t - a wand of mindburst (8)
Scrolls
 g - a scroll of fear {unknown}
 i - a scroll of enchant weapon {unknown}
 j - 2 scrolls of identify {unknown}
 k - a scroll of teleportation {unknown}
 m - a scroll of enchant armour {unknown}
 n - a scroll of noise {unknown}
 p - a scroll of vulnerability {unknown}
 q - 2 scrolls of brand weapon {unknown}
Potions
 b - a potion of magic
 c - 3 potions of mutation {unknown}
 d - 4 potions of degeneration {unknown}
 l - 2 potions of invisibility {unknown}
 o - a potion of ambrosia {unknown}
 s - 2 potions of curing {unknown}


   Skills:
 - Level 2.4 Dodging
 - Level 2.4 Stealth
 - Level 7.0 Spellcasting
 + Level 5.3 Conjurations


You had 4 spell levels left.
You knew the following spells:

 Your Spells              Type           Power      Damage    Failure   Level
a - Magic Dart            Conj           100%       1d8       1%          1
b - Searing Ray           Conj           70%        2d7       1%          2
c - Fulminant Prism       Conj/Hex       11%        3d9       22%         4
d - Iskenderun's Mystic   Conj/Tloc      22%        2d6       22%         4
e - Dazzling Flash        Conj/Hex       44%        N/A       7%          3

Your spell library contained the following spells:

 Spells                   Type           Power      Damage    Failure   Level
 Slow                     Hex            32%        N/A       7%          1
 Confusing Touch          Hex            8%         N/A       21%         3
 Vampiric Draining        Necr           8%         2d6       21%         3


Dungeon Overview and Level Annotations

Branches:
Dungeon (5/15)             Temple (1/1) D:4

Altars:
Ashenzari
Dithmenos
Fedhas
Hepliaklqana
Kikubaaqudgha
Makhleb
Nemelex Xobeh
Okawaru
Qazlal
Sif Muna
Trog
Uskayaw
Vehumet
Xom
Yredelemnul
Zin
The Shining One

Shops:
D:3 *   D:4 (

Annotations:
D:2 1 runed translucent door, Crazy Yiuf


Message History

You climb upwards.
Welcome back to the Dungeon!
There is a staircase to the Ecumenical Temple here.
You see here a +0 club.
A giant cockroach comes into view.
The magic dart hits the giant cockroach.
The giant cockroach is moderately wounded.
The magic dart hits the giant cockroach.
You kill the giant cockroach!
Vehumet accepts your kill.
You can't see any susceptible monsters within range! (Use Z to cast anyway.) Magic restored.
There is a stone staircase leading up here.
Found 6 stones.
You see here a staff of cold.
w - a staff of cold Done exploring.
Done exploring.
(D) Dungeon (T) Temple
Where to? (Enter - Temple, ? - help)
What level of the Dungeon? (default 1, ? - help)
There is a stone staircase leading down here.
You climb downwards.
There is a stone staircase leading up here.
A centaur comes into view.
The centaur wields a +0 orcbow.
The centaur shoots an arrow.
The arrow barely misses you.
The magic dart hits the centaur.
The centaur is lightly wounded.
The centaur shoots an arrow.
The arrow hits you.
The centaur shoots an arrow.
The arrow barely misses you.
The magic dart hits the centaur.
The centaur is moderately wounded.
The centaur shoots an arrow.
The arrow hits you!
The magic dart hits the centaur.
The centaur is moderately wounded.
The centaur shoots an arrow.
The arrow hits you!
* * * LOW HITPOINT WARNING * * *
The centaur shoots an arrow.
The arrow hits you!
Ouch! That really hurt!
You die...

#. #.. #.#.# #..c#
#.. #.#.# #!..
#..####.#.# #...
......#.#.# #..
#.......#.# #..
....<...#.# #.#
#####.#.#.# #.#
..........######@#
#####.#.#........#
#.#.#.########
#.#...# #.#####
#.# #.# #.


You could see a centaur.

Vanquished Creatures
  A phantom (D:4)
  A howler monkey (D:4)
  5 adders
  2 dart slugs
  2 ball pythons
  4 endoplasms
  A giant cockroach (D:4)
  4 goblins
  4 hobgoblins (D:4)
  8 quokkas
  2 bats
  5 frilled lizards
  5 kobolds
  2 rats
46 creatures vanquished.

Notes
Turn   | Place    | Note
-------+----------+-------------------------------------------
     0 | D:1      | horus123 the Deep Elf Conjurer began the quest for the Orb.
     0 | D:1      | Reached XP level 1. HP: 10/10 MP: 6/6
   259 | D:1      | Found a faded altar of an unknown god.
   878 | D:2      | Reached skill level 4 in Spellcasting
   878 | D:2      | Reached XP level 2. HP: 15/15 MP: 6/9
   958 | D:2      | Learned a level 2 spell: Searing Ray
  1170 | D:2      | Reached skill level 5 in Spellcasting
  1170 | D:2      | Reached XP level 3. HP: 19/19 MP: 2/11
  1571 | D:2      | Found a runed translucent door.
  1572 | D:2      | Noticed Crazy Yiuf
  1644 | D:3      | Found a shadowy altar of Dithmenos.
  1983 | D:3      | Found Muoluev's General Store.
  2043 | D:3      | Found a hide-covered altar of Uskayaw.
  2156 | D:3      | Reached skill level 6 in Spellcasting
  2156 | D:3      | Reached XP level 4. HP: 24/24 MP: 14/14
  2341 | D:3      | Found a faded altar of an unknown god.
  2669 | D:4      | Found Nauqiex's Weapon Boutique.
  2894 | D:3      | Found a broken altar of Ashenzari.
  3104 | D:4      | Noticed a phantom
  3114 | D:4      | Killed a phantom
  3115 | D:4      | Reached skill level 7 in Spellcasting
  3115 | D:4      | Reached skill level 5 in Conjurations
  3115 | D:4      | Reached XP level 5. HP: 22/28 MP: 12/16
  3120 | D:4      | Learned a level 4 spell: Fulminant Prism
  3305 | D:4      | Learned a level 4 spell: Iskenderun's Mystic Blast
  3309 | D:4      | Learned a level 3 spell: Dazzling Flash
  3371 | D:4      | Found a staircase to the Ecumenical Temple.
  3447 | Temple   | Entered the Ecumenical Temple
  3465 | Temple   | Became a worshipper of Vehumet
  3704 | D:5      | Entered Level 5 of the Dungeon
  3718 | D:5      | Noticed a centaur
  3721 | D:5      | Shot with an arrow by a centaur

Illustrated notes

Levels and vault maps discovered:
D:1:      minmay_arrival_widening_spiral_narrow, layout_loops_ring,
          basic_ecumenical_altar
D:2:      layout_rooms, uniq_crazy_yiuf_cottage
D:3:      layout_loops_ring, nicolae_dithmenos_shadow_blocks,
          eat_drink_and_be_merry_uskayaw, nicolae_overflow_ecumenical_swirl,
          serial_shops, shop, nicolae_figureground_sparkle
D:4:      layout_cave_pods, temple_hall, serial_shops, shop,
          serial_column_ruins, column_ruins_open_medium,
          column_ruins_corridor_corner, column_ruins_corridor_T,
          column_ruins_grid_1, column_ruins_columns_straight,
          column_ruins_columns_dead_end, minivault_14,
          minmay_misc_feat_nine_boxes
D:5:      layout_basic, serial_shops, shop, shop_statue, nicolae_stop_n_shop_1,
          shop, nicolae_shop_mannequins, patterned_corridor
Temple:   eino_temple_lava

Skill      XL: |  1  2  3  4 |
---------------+-------------+-----
Spellcasting   | 4 5 6 7 |  7.0
Conjurations   | 5 |  5.3
Dodging        | |  2.4
Stealth        | |  2.4

Action                     |  1- 3 |  4- 6 || total
---------------------------+-------+-------++-------
  Melee: Falchion          |       |     1 ||     1
   Cast: Magic Dart        |    62 |    32 ||    94
         Searing Ray       |       |     2 ||     2
 Armour: Robe              |     1 |     2 ||     3
  Dodge: Dodged            |     4 |     3 ||     7

Table legend: (Time is in decaauts)
 A = Elapsed time spent in this place.
 B = Non-inter-level travel time spent in this place.
 C = Inter-level travel time spent in this place.
 D = Time resting spent in this place.
 E = Time spent auto-exploring this place.
 F = Levels seen in this place.
 G = Mean time per level.
                   A        B        C        D        E       F      G
               +--------+--------+--------+--------+--------+-----+--------+
         Total |   3719 |   3572 |    147 |      0 |   3231 |   6 |  619.8 |
       Dungeon |   3690 |   3544 |    146 |      0 |   3231 |   5 |  738.0 |
        Temple |     28 |     28 |      0 |      0 |      0 |   1 |   28.0 |
               +--------+--------+--------+--------+--------+-----+--------+

Top non-repeatable levels by time:
     D:3: 1078 daAuts
     D:4: 996 daAuts
     D:1: 875 daAuts
     D:2: 723 daAuts
  Temple: 28 daAuts
     D:5: 16 daAuts
